 Dungeon Crawl Stone Soup version 0.29-a0-330-g52719c12eb (webtiles) character file.

Game seed: 591401440206041698

94 sizableburger the Insei (level 4, -1/28 HPs)
             Began as an Octopode Transmuter on Apr 12, 2022.
             Slain by Terence
             ... wielding a +0 flail
              (10 damage)
             ... on level 2 of the Dungeon.
             The game lasted 00:02:35 (1574 turns).

sizableburger the Insei (Octopode Transmuter)       Turns: 1574, Time: 00:02:36

Health: -1/28      AC:  1    Str:  9    XL:     4   Next: 63%
Magic:  5/7        EV: 13    Int: 15    God:
Gold:   16         SH:  0    Dex: 14    Spells: 1/7 levels left

rFire   . . .      SeeInvis .     - Unarmed
rCold   . . .      Faith    .   (no shield)
rNeg    . . .      Spirit   .   (helmet currently unavailable)
rPois   .          Reflect  .   (no amulet)
rElec   .          Harm     .   (no ring)
rCorr   .          Rampage  .   (no ring)
Will    .....                   (no ring)
Stlth   ++........              (no ring)
HPRegen 0.09/turn               (no ring)
MPRegen 0.10/turn               (no ring)
                                (no ring)
                                (no ring)

@: appendages (expiring), wereblooded
A: tentacle spike 3, almost no armour, amphibious, 8 rings, camouflage 1,
gelatinous body 1, (nimble swimmer 1), tentacles
a: End Transformation


You were on level 2 of the Dungeon.
One of your tentacles had grown a beastly spike.
You visited 1 branch of the dungeon, and saw 2 of its levels.

You collected 16 gold pieces.

Inventory:

Jewellery
 c - a ring of fire
Scrolls
 b - a scroll of amnesia {unknown}
 e - a scroll of vulnerability {unknown}
 g - a scroll of identify {unknown}
 i - a scroll of magic mapping {unknown}
 j - a scroll of fog {unknown}
 l - a scroll of fear {unknown}
Potions
 a - a potion of lignification
 d - 2 potions of brilliance {unknown}
 f - a potion of curing {unknown}
 h - a potion of haste {unknown}
 k - a potion of mutation {unknown}


   Skills:
 - Level 1.0 Fighting
 - Level 2.0 Dodging
 + Level 4.4 Unarmed Combat
 - Level 2.0 Spellcasting
 - Level 3.0 Transmutations
 + Level 1.2 Poison Magic


You had one spell level left.
You knew the following spells:

 Your Spells              Type           Power      Damage    Failure   Level
a - Beastly Appendage     Tmut           20%        N/A       6%          1
b - Wereblood             Tmut           10%        N/A       10%         2
c - Spider Form           Tmut/Pois      7%         N/A       28%         3

Your spell library contained the following spells:

 Spells                   Type           Power      Damage    Failure   Level
 Magic Dart               Conj           4%         1d3       22%         1
 Call Imp                 Summ           1%         N/A       32%         2
 Mephitic Cloud           Conj/Pois/Air  2%         N/A       50%         3
 Ice Form                 Ice/Tmut       6%         N/A       75%         4


Dungeon Overview and Level Annotations

Branches:
Dungeon (2/15)

Altars:

Shops:
D:1 (

Annotations:
D:2 Terence


Innate Abilities, Weirdness & Mutations

One of your tentacles has grown a beastly spike.
You cannot wear most types of armour.
You are amphibious.
You can wear up to eight rings at the same time.
Your skin changes colour to match your surroundings (Stealth+).
Your rubbery body absorbs attacks. (AC +1, EV +1)
((You are camouflaged when in or above water. (Stealth+)))
You have tentacles for arms and can constrict up to eight enemies at once.


Message History

Found a leather armour.
Casting: Wereblood (safe; 10% risk of failure)
Confirm with . or Enter, or press ? or * to list all spells.
Your blood is infused with primal strength.
Terence the Incautious comes into view.
He is wielding a +0 flail.
Found 5 gold pieces.
You completely miss the endoplasm.
Terence shouts!
The endoplasm freezes you.
You are frozen.
You tentacle-slap the endoplasm but do no damage.
The endoplasm hits you.
You barely miss the endoplasm. You squeeze the endoplasm.
You feel a bit better.
You kill the endoplasm!
You tentacle-slap Terence. You grab Terence.
Terence is lightly wounded.
You constrict Terence, but do no damage.
Terence closely misses you.
You tentacle-slap Terence.
Terence is moderately wounded.
You constrict Terence, but do no damage.
Terence hits you with a +0 flail!
Casting: Wereblood (safe; 10% risk of failure)
Confirm with . or Enter, or press ? or * to list all spells.
One of your tentacles grows a vicious spike.
You howl as the wereblood boils in your veins!
You constrict Terence. Terence hits you with a +0 flail!
You tentacle-slap Terence.
You pierce Terence, but do no damage.
You squeeze Terence, but do no damage.
Terence is heavily wounded.
Your transformation is almost over.
You constrict Terence, but do no damage.
Terence misses you.
You tentacle-slap Terence but do no damage.
You pierce Terence, but do no damage.
Terence is heavily wounded.
You constrict Terence, but do no damage.
Terence hits you with a +0 flail!
You die...

##...# ...#. ......
...........
.....#...........#
...#.#.......$...#
.#.#.#....##.....# #.
.................# ..
..........###....###.#
##.#.##.....[........#
##.#.# ...###...@@##.##
.....##.................
...).........♣.♣♣###.##.
##.#.##...## ♣..♣ #
#.#... .... ♣♣.♣
#.####..... ♣♣.♣ #.#
#.##♣♣..♣ #.# # ♣.P.♣
#.# ♣..♣♣


You could see Terence.

Vanquished Creatures
  Natasha (D:2)
  A gnoll (D:2)
  An adder (D:2)
  4 dart slugs
  4 ball pythons (D:1)
  5 endoplasms
  4 goblins
  6 hobgoblins
  5 kobolds (D:1)
  3 bats
  A frilled lizard (D:2)
  3 rats (D:1)
38 creatures vanquished.

Vanquished Creatures (others)
  A plant (D:2)
1 creature vanquished.

Grand Total: 39 creatures vanquished

Notes
Turn   | Place    | Note
-------+----------+-------------------------------------------
     0 | D:1      | sizableburger the Octopode Transmuter began the quest for
                  | the Orb.
     0 | D:1      | Reached XP level 1. HP: 13/13 MP: 3/3
   154 | D:1      | Reached XP level 2. HP: 14/18 MP: 3/5
   177 | D:1      | Learned a level 2 spell: Wereblood
   565 | D:1      | Reached XP level 3. HP: 17/23 MP: 4/6
   653 | D:1      | Found Vist's Weapon Shop.
  1254 | D:2      | Learned a level 3 spell: Spider Form
  1272 | D:2      | Noticed Natasha
  1279 | D:2      | Killed Natasha
  1280 | D:2      | Reached skill level 4 in Unarmed Combat
  1280 | D:2      | Reached XP level 4. HP: 28/28 MP: 5/7
  1327 | D:2      | Reached skill level 1 in Poison Magic
  1564 | D:2      | Noticed Terence
  1574 | D:2      | Slain by Terence

Illustrated notes

Levels and vault maps discovered:
D:1:      denvon_arrival_waterhouse, layout_basic, serial_shops, shop
D:2:      layout_basic, serial_forest, infiniplex_forest_zigzag_1,
          infiniplex_forest_side_room, infiniplex_forest_clump_small,
          infiniplex_forest_corner_2, infiniplex_forest_straight_5,
          infiniplex_forest_clump_small, basic_altar, minmay_indecisive_spiral,
          uniq_natasha, uniq_terence, uniq_crazy_yiuf_cottage

Skill      XL: |  1  2  3  4 |
---------------+-------------+-----
Unarmed Combat | 4 |  4.4
Transmutations | 3 |  3.0
Poison Magic   | 1 |  1.2
Fighting       | |  1.0
Dodging        | |  2.0
Spellcasting   | |  2.0

Action                   |  1- 3 |  4- 6 || total
-------------------------+-------+-------++-------
Melee: Unarmed           |    49 |    20 ||    69
       Punch             |     3 |     1 ||     4
       Tentacles         |    17 |     4 ||    21
       Constrict         |    13 |     6 ||    19
       Kick              |     7 |     8 ||    15
 Cast: Beastly Appendage |    11 |     2 ||    13
       Wereblood         |     2 |     4 ||     6
 Stab: Sleeping          |     6 |       ||     6
Armor: Skin              |     2 |     1 ||     3
Dodge: Dodged            |    23 |     6 ||    29

Table legend: (Time is in decaauts)
 A = Elapsed time spent in this place.
 B = Non-inter-level travel time spent in this place.
 C = Inter-level travel time spent in this place.
 D = Time resting spent in this place.
 E = Time spent auto-exploring this place.
 F = Levels seen in this place.
 G = Mean time per level.
                   A        B        C        D        E       F      G
               +--------+--------+--------+--------+--------+-----+--------+
         Total |   1569 |   1538 |     31 |    335 |    956 |   2 |  784.5 |
       Dungeon |   1569 |   1538 |     31 |    335 |    956 |   2 |  784.5 |
               +--------+--------+--------+--------+--------+-----+--------+

Top non-repeatable levels by time:
     D:1: 1246 daAuts
     D:2: 323 daAuts
